 Dungeon Crawl Stone Soup version 0.28.0-53-g5a82cb258f (webtiles) character file.

Game seed: 1201808108949853215

1836 MiltankisOP the Destroyer (level 8, -11/46 HPs)
             Began as a Deep Elf Conjurer on June 14, 2022.
             Was an Initiate of Vehumet.
             Mangled by a two-headed ogre
             ... wielding a +0 giant club
              (30 damage)
             ... on level 6 of the Dungeon.
             The game lasted 00:23:10 (6852 turns).

MiltankisOP the Destroyer (Deep Elf Conjurer)       Turns: 6852, Time: 00:23:10

Health: -11/46     AC:  6    Str:  4    XL:     8   Next: 87%
Magic:  5/19       EV: 15    Int: 32    God:    Vehumet [......]
Gold:   378        SH:  0    Dex: 16    Spells: 8/19 levels left

rFire   . . .      SeeInvis .   p - +7 rapier of Quantum Leap {holy, Dex+3}
rCold   . . .      Faith    .   (no shield)
rNeg    . . .      Spirit   .   a - +0 robe
rPois   .          Reflect  .   (no helmet)
rElec   .          Harm     .   (no cloak)
rCorr   .          Rampage  .   (no gloves)
Will    .....                   (no boots)
Stlth   ++........              l - amulet of regeneration
HPRegen 0.95/turn               s - +4 ring of protection
MPRegen 0.16/turn               z - +6 ring of intelligence

@: no status effects
A: no striking features
a: Renounce Religion


You were on level 6 of the Dungeon.
You worshipped Vehumet.
Vehumet was noncommittal.
You visited 2 branches of the dungeon, and saw 7 of its levels.

You collected 378 gold pieces.

Inventory:

Hand Weapons
 e - a +5 short sword of holy wrath
 p - the +7 rapier of Quantum Leap (weapon) {holy, Dex+3}
   (You found it on level 4 of the Dungeon)

   It has been blessed by the Shining One to cause great damage to the undead
   and demons.
   Dex:       It affects your dexterity (+3).
Missiles
 C - a throwing net
Armour
 a - a +0 robe (worn)
Magical Staves
 g - a staff of death
 h - a staff of fire
Jewellery
 l - an amulet of regeneration (around neck)
 n - a ring of flight
 s - a +4 ring of protection (left hand)
 t - an amulet of guardian spirit
 z - a +6 ring of intelligence (right hand)
Wands
 o - a wand of mindburst (17)
 v - a wand of iceblast (4)
Scrolls
 b - 3 scrolls of immolation {unknown}
 d - 3 scrolls of fog {unknown}
 i - a scroll of fear {unknown}
 j - 5 scrolls of identify {unknown}
 m - 2 scrolls of blinking {unknown}
 u - 2 scrolls of teleportation {unknown}
 w - a scroll of magic mapping {unknown}
 y - a scroll of amnesia {unknown}
 A - a scroll of noise {unknown}
Potions
 c - a potion of haste {unknown}
 f - a potion of magic {unknown}
 k - 3 potions of curing {unknown}
 q - a potion of resistance {unknown}
 r - a potion of brilliance {unknown}
 x - a potion of cancellation {unknown}
 B - a potion of heal wounds {unknown}


   Skills:
 - Level 3.0 Fighting
 - Level 6.0 Dodging
 - Level 2.4 Stealth
 - Level 6.0 Spellcasting
 - Level 8.0 Conjurations
 + Level 5.6 Hexes
 - Level 5.0 Translocations


You had 8 spell levels left.
You knew the following spells:

 Your Spells              Type           Power      Damage    Failure   Level
a - Magic Dart            Conj           100%       1d8       1%          1
b - Searing Ray           Conj           100%       2d8       1%          2
c - Fulminant Prism       Conj/Hex       26%        3d14      2%          4
d - Iskenderun's Mystic   Conj/Tloc      50%        2d11      3%          4

Your spell library contained the following spells:

 Spells                   Type           Power      Damage    Failure   Level
 Dazzling Flash           Conj/Hex       100%       N/A       1%          3
 Corpse Rot               Necr/Air       18%        N/A       7%          2
 Animate Dead             Necr           4%         N/A       41%         4
 Dispel Undead            Necr           9%         3d8       41%         4
 Borgnjor's Vile Clutch   Necr/Erth      4%         N/A       77%         5
 Death Channel            Necr           4%         N/A       100%        6


Dungeon Overview and Level Annotations

Branches:
Dungeon (6/15)             Temple (1/1) D:6

Altars:
Ashenzari
Cheibriados
Elyvilon
Kikubaaqudgha
Makhleb
Nemelex Xobeh
Okawaru
Sif Muna
Vehumet
Wu Jian
Yredelemnul
The Shining One

Shops:
D:1 *=(**


Message History

Aiming: Fulminant Prism (dangerous; 2% risk of failure)
Press: ? - help, Dir - move target Out of range.
Okay, then.
Casting: Fulminant Prism (dangerous; 2% risk of failure)
Confirm with . or Enter, or press ? or * to list all spells.
Aiming: Fulminant Prism (dangerous; 2% risk of failure)
Press: ? - help, Dir - move target You conjure a prism of explosive energy!
A fulminant prism comes into view.
The two-headed ogre hits your fulminant prism with a +0 giant club!!
Your fulminant prism detonates feebly.
A two-headed ogre comes into view.
It is wielding a +0 giant club and a +0 giant spiked club.
Casting: Fulminant Prism (dangerous; 2% risk of failure)
Confirm with . or Enter, or press ? or * to list all spells.
Aiming: Searing Ray (safe; 1% risk of failure)
Press: ? - help, Shift-Dir - straight line
Okay, then.
Casting: Searing Ray (safe; 1% risk of failure)
Confirm with . or Enter, or press ? or * to list all spells.
Aiming: Searing Ray (safe; 1% risk of failure)
Press: ? - help, Shift-Dir - straight line, f - two-headed ogre
Aim: a two-headed ogre, wielding a +0 giant club and a +0 giant spiked club (92% to hit)
The searing ray hits the two-headed ogre!
The two-headed ogre is lightly wounded. (Press . to maintain the ray.)
The two-headed ogre closely misses you.
The two-headed ogre hits you with a +0 giant spiked club!
The searing ray hits the two-headed ogre!
The two-headed ogre is moderately wounded.
The two-headed ogre misses you.
The two-headed ogre hits you with a +0 giant spiked club!
The searing ray hits the two-headed ogre!
The two-headed ogre is heavily wounded.
The searing ray hits the two-headed ogre!
The two-headed ogre is heavily wounded.
You finish channelling your searing ray.
The two-headed ogre hits you with a +0 giant club!!
Ouch! That really hurt!
You die...

.#..###..#..#...#.#
.#..###..#..#...#.#
.....^...#..#.[.#.#
.##..###..#.#...#.#
.....# ##.#.#..<#.#
.##.## #..##..##.#
.[..# ##........# .##.#
#..#..######### ....#
##.#..O@O.....# #####
#.##.#######.########
#####.##.# #..O.O...#
#......#.### #######.##
#.###......# #.# ##'#
##...#.# #.#
#8[#####..#.# #*#
#..'..'..##..#.# #O#
#.{8#..#8..#..#.#######
#.#


You could see 2 two-headed ogres.

Vanquished Creatures
  A gargoyle (D:6)
  A necrophage (D:4)
  A black bear (D:5)
  3 centaurs
  An ogre (D:6)
  2 scorpions
  A wyvern skeleton (D:6)
  4 wights (D:6)
  An electric eel (D:6)
  3 hounds (D:6)
  2 orc priests (D:4)
  2 centaur skeletons
  A gnoll shaman (D:6)
  A bullfrog skeleton (D:6)
  2 iguanas (D:5)
  4 orc wizards
  A hound skeleton (D:4)
  A howler monkey zombie (D:6)
  5 adders
  5 gnolls
  A howler monkey skeleton (D:4)
  2 shadow imps (D:6)
  An ufetubus (D:6)
  2 adder skeletons (D:5)
  5 worms
  2 dart slugs (D:4)
  13 orcs (D:4)
  8 endoplasms
  5 giant cockroaches
  4 goblins (D:2)
  6 hobgoblins
  3 jackals (D:1)
  A quokka (D:4)
  10 ball pythons
  4 bats
  4 frilled lizards
  6 kobolds
  5 rats
124 creatures vanquished.

Vanquished Creatures (others)
  6 fulminant prisms (D:6)
  4 plants (D:6)
10 creatures vanquished.

Grand Total: 134 creatures vanquished

Notes
Turn   | Place    | Note
-------+----------+-------------------------------------------
     0 | D:1      | MiltankisOP the Deep Elf Conjurer began the quest for the
                  | Orb.
     0 | D:1      | Reached XP level 1. HP: 10/10 MP: 6/6
   187 | D:1      | Found Fiwepek's Assorted Antiques.
   304 | D:1      | Reached XP level 2. HP: 15/15 MP: 5/8
   680 | D:1      | Found Iboipun's Antique Weapon Emporium.
   743 | D:1      | Reached skill level 5 in Conjurations
   810 | D:1      | Found Peinwe's Assorted Antiques.
   813 | D:1      | Found Ehaguxke's Jewellery Emporium.
   973 | D:1      | Learned a level 2 spell: Searing Ray
  1187 | D:1      | Found Kiptiow's Assorted Antiques.
  1248 | D:1      | Reached XP level 3. HP: 19/19 MP: 7/10
  1814 | D:2      | Reached skill level 5 in Spellcasting
  1817 | D:2      | Reached XP level 4. HP: 24/24 MP: 1/13
  2027 | D:2      | Found a broken altar of Ashenzari.
  3034 | D:4      | Reached XP level 5. HP: 28/28 MP: 9/15
  3136 | D:4      | Identified the +7 rapier of Quantum Leap {holy, Dex+3}
  3168 | D:4      | Noticed a necrophage
  3176 | D:4      | Killed a necrophage
  3341 | D:4      | Reached skill level 5 in Dodging
  3402 | D:4      | Reached XP level 6. HP: 32/32 MP: 15/17
  3488 | D:4      | Found a glowing drain.
  3698 | D:4      | Reached skill level 1 in Fighting
  4429 | D:5      | Entered Level 5 of the Dungeon
  4437 | D:5      | Learned a level 4 spell: Fulminant Prism
  4442 | D:5      | Learned a level 4 spell: Iskenderun's Mystic Blast
  4594 | D:5      | Reached XP level 7. HP: 40/40 MP: 11/18
  4647 | D:5      | Reached skill level 1 in Hexes
  4647 | D:5      | Reached skill level 1 in Translocations
  5295 | D:6      | Noticed a two-headed ogre
  5328 | D:6      | Reached skill level 6 in Conjurations
  5478 | D:6      | Reached XP level 8. HP: 46/46 MP: 13/19
  5495 | D:6      | Reached skill level 7 in Conjurations
  5654 | D:6      | Found a staircase to the Ecumenical Temple.
  5685 | Temple   | Entered the Ecumenical Temple
  5716 | Temple   | Became a worshipper of Vehumet
  5921 | D:6      | Reached skill level 8 in Conjurations
  6228 | D:6      | Found a white marble altar of Elyvilon.
  6495 | D:6      | Noticed a gargoyle
  6504 | D:6      | Killed a gargoyle
  6505 | D:6      | Reached skill level 5 in Hexes
  6505 | D:6      | Reached skill level 5 in Translocations
  6847 | D:6      | Noticed a two-headed ogre
  6852 | D:6      | Mangled by a two-headed ogre

Illustrated notes

Levels and vault maps discovered:
D:1:      heliophobic_arrival_dark_side_of_the_moon, layout_loops_corners,
          serial_shops, nicolae_lakefront_shop, shop, shop, nicolae_square_shop,
          shop
D:2:      layout_basic, basic_altar
D:3:      layout_basic
D:4:      layout_gridville, cheibrodos_sewer_entry_drain
D:5:      layout_basic
D:6:      minmay_chambers_of_sixes, layout_basic, nicolae_elyvilon_temple_path,
          minmay_temple_entry_ruins, kennysheep_generic_room_8
Temple:   compressed_dpeg_triangle_lava_temple

Skill      XL: |  1  2  3  4  5  6  7  8 |
---------------+-------------------------+-----
Conjurations   | 5 6 8 |  8.0
Spellcasting   | 5 6 |  6.0
Dodging        | 3 5 6 |  6.0
Fighting       | 2 3 |  3.0
Hexes          | 3 5 |  5.6
Translocations | 3 5 |  5.0
Stealth        | |  2.4

Action                   |  1- 3 |  4- 6 |  7- 9 || total
-------------------------+-------+-------+-------++-------
Melee: Unarmed           |     7 |       |       ||     7
       Rapier            |       |     3 |     5 ||     8
 Cast: Magic Dart        |    60 |    96 |    26 ||   182
       Searing Ray       |     3 |    17 |    29 ||    49
       Fulminant Prism   |       |       |     6 ||     6
       Iskenderun's Myst |       |       |     5 ||     5
Armor: Robe              |     3 |     2 |     4 ||     9
Dodge: Dodged            |     7 |    12 |    32 ||    51
